EL
SAN JOSE GIANTS @ SPRINGFIELD CARDINALS
09/02/2044
 
TOP OF THE 1ST
San Jose Giants batting - Pitching for Springfield Cardinals : RHP Danny Romero
Pitching: RHP Danny Romero
Batting: RHB Tyler Mapes 0-0: Ball
1-0: Called Strike
1-1: Ball
2-1: Ball
3-1: Base on Balls
Batting: RHB Yutaka Oki Pickoff Throw to First - Error! E1
Tyler Mapes to second
0-0: Called Strike
0-1: Ground out 6-3 (Groundball, 6M, EV 80.0 MPH)
Tyler Mapes to third
Batting: LHB Carey Horncole 0-0: Ball
1-0: Ball
2-0: Ball
3-0: Base on Balls
Batting: LHB Fred Arends 0-0: Called Strike
0-1: Ball
1-1: Fly out, F8 (Flyball, 8RM, EV 95.6 MPH)
Batting: RHB Tade Post 0-0: Ball
1-0: SINGLE (Groundball, 56S, EV 68.8 MPH) (infield hit)
Tyler Mapes scores
Carey Horncole to second
Batting: LHB Tony Galvan 0-0: Called Strike
0-1: Swinging Strike
0-2: SINGLE (Groundball, 34S, EV 71.2 MPH) (infield hit)
Carey Horncole to third
Tade Post to second
Batting: RHB Josh Lippens 0-0: Called Strike
0-1: Foul Ball, location: 2F
0-2: Ball
1-2: Ball
2-2: Ball
3-2: Foul Ball, location: 2F
3-2: Foul Ball, location: 2F
3-2: Ground out 1-3 (Groundball, P, EV 73.8 MPH)
Top of the 1st over - 1 run, 2 hits, 1 error, 3 left on base; San Jose 1 - Springfield 0
BOTTOM OF THE 1ST
Springfield Cardinals batting - Pitching for San Jose Giants : RHP Yugo Kobayashi
Pitching: RHP Yugo Kobayashi
Batting: RHB John Parra 0-0: Swinging Strike
0-1: Foul Ball, location: 2F
0-2: Strikes out swinging
Batting: RHB Klaas Meij 0-0: Ball
1-0: Foul Ball, location: 2F
1-1: Foul Ball, location: 2F
1-2: Foul Ball, location: 2F
1-2: Ball
2-2: Fly out, F8 (Flyball, 8LS, EV 81.9 MPH)
Batting: RHB Melvin Enriquez 0-0: Ground out 5-3 (Groundball, 56S, EV 89.4 MPH)
Bottom of the 1st over - 0 runs, 0 hits, 0 errors, 0 left on base; San Jose 1 - Springfield 0
TOP OF THE 2ND
San Jose Giants batting - Pitching for Springfield Cardinals : RHP Danny Romero
Batting: RHB Doug Kennie 0-0: Ball
1-0: Ball
2-0: Called Strike
2-1: Foul Ball, location: 2F
2-2: Strikes out swinging
Batting: RHB Mike Jones 0-0: Called Strike
0-1: Swinging Strike
0-2: Ball
1-2: Ball
2-2: Ball
3-2: Foul Ball, location: 2F
3-2: Strikes out swinging
Batting: RHB Tyler Mapes 0-0: Ball
1-0: Called Strike
1-1: Fly out, F9 (Flyball, 9D, EV 102.5 MPH)
Top of the 2nd over - 0 runs, 0 hits, 0 errors, 0 left on base; San Jose 1 - Springfield 0
BOTTOM OF THE 2ND
Springfield Cardinals batting - Pitching for San Jose Giants : RHP Yugo Kobayashi
Batting: LHB Shigeru Ono 0-0: Ground out 1-3 (Groundball, P, EV 68.1 MPH)
Batting: RHB David Fernandez 0-0: Ball
1-0: Ball
2-0: Ball
3-0: Called Strike
3-1: Called Strike
3-2: SINGLE (Groundball, 6M, EV 105.0 MPH)
Batting: RHB Dave Cluster 0-0: Ball
1-0: Foul Ball, location: 2F
1-1: Ball
2-1: Ball
3-1: Foul Ball, location: 2F
3-2: Foul Ball, location: 2F
3-2: Base on Balls
David Fernandez to second
Batting: LHB Yeong-hun Joe 0-0: Ball
1-0: Ball
2-0: SINGLE (Groundball, 34D, EV 99.4 MPH)
David Fernandez to third
Dave Cluster to second
Batting: RHB Mark Marks 0-0: Ball
1-0: Called Strike
1-1: Swinging Strike
1-2: Ball
2-2: SINGLE (Groundball, 56D, EV 94.4 MPH)
David Fernandez scores
Dave Cluster to third
Yeong-hun Joe to second
Runner from 3rd tries for Home, SAFE, throw by LF to home
Batting: RHB Danny Gallo 0-0: Ball
1-0: Ball
2-0: Called Strike
2-1: Ball
3-1: Foul Ball, location: 2F
3-2: Base on Balls
Yeong-hun Joe to third
Mark Marks to second
Batting: RHB John Parra 0-0: Ball
1-0: Ball
2-0: Foul Ball, location: 2F
2-1: Ball
3-1: Base on Balls
Yeong-hun Joe scores
Mark Marks to third
Danny Gallo to second
Batting: RHB Klaas Meij 0-0: Called Strike
0-1: Foul Ball, location: 2F
0-2: Foul Ball, location: 2F
0-2: Ball
1-2: Strikes out swinging
Batting: RHB Melvin Enriquez 0-0: Called Strike
0-1: Ball
1-1: SINGLE (Flyball, 4D, EV 88.8 MPH)
Mark Marks scores
Danny Gallo to third
John Parra to second
Runner from 3rd tries for Home, SAFE, throw by CF to home
Pitching: RHP Tadesse Karume
Batting: LHB Shigeru Ono 0-0: SINGLE (Line Drive, 89S, EV 103.8 MPH)
John Parra to third
Melvin Enriquez to second
Batting: RHB David Fernandez 0-0: Called Strike
0-1: Called Strike
0-2: Ground out 4-3 (Groundball, 34D, EV 106.2 MPH)
Bottom of the 2nd over - 5 runs, 5 hits, 0 errors, 3 left on base; San Jose 1 - Springfield 5
TOP OF THE 3RD
San Jose Giants batting - Pitching for Springfield Cardinals : RHP Danny Romero
Batting: RHB Yutaka Oki 0-0: Ball
1-0: Ground out 6-3 (Groundball, 6, EV 83.1 MPH)
Batting: LHB Carey Horncole 0-0: Ball
1-0: Called Strike
1-1: Foul Ball, location: 2F
1-2: Ball
2-2: Foul Ball, location: 2F
2-2: Ball
3-2: Base on Balls
Batting: LHB Fred Arends 0-0: Ball
1-0: Ball
2-0: Swinging Strike
2-1: Foul Ball, location: 2F
2-2: Fielders Choice at 2nd, 5-4 (Groundball, 56, EV 81.2 MPH)
Batting: RHB Tade Post 0-0: Ball
Wild Pitch!
Fred Arends to second
1-0: Ground out 5-3 (Groundball, 5, EV 103.8 MPH)
Top of the 3rd over - 0 runs, 0 hits, 0 errors, 1 left on base; San Jose 1 - Springfield 5
BOTTOM OF THE 3RD
Springfield Cardinals batting - Pitching for San Jose Giants : RHP Tadesse Karume
Batting: RHB Dave Cluster 0-0: Ball
1-0: Ball
2-0: Called Strike
2-1: Ground out 6-3 (Groundball, 6, EV 86.2 MPH)
Batting: LHB Yeong-hun Joe 0-0: Ground out 4-3 (Groundball, 4, EV 102.5 MPH)
Batting: RHB Mark Marks 0-0: Ball
1-0: Foul Ball, location: 2F
1-1: Ball
2-1: Foul Ball, location: 2F
2-2: Ball
3-2: Foul Ball, location: 2F
3-2: Foul Ball, location: 2F
3-2: DOUBLE (Flyball, 78XD, EV 108.1 MPH)
Batting: RHB Danny Gallo 0-0: Called Strike
0-1: Ball
1-1: Swinging Strike
1-2: Ball
2-2: Foul Ball, location: 2F
2-2: Strikes out looking
Bottom of the 3rd over - 0 runs, 1 hit, 0 errors, 1 left on base; San Jose 1 - Springfield 5
TOP OF THE 4TH
San Jose Giants batting - Pitching for Springfield Cardinals : RHP Danny Romero
Batting: LHB Tony Galvan 0-0: Called Strike
0-1: Foul Ball, location: 2F
0-2: Ground out 4-3 (Groundball, 4D, EV 83.8 MPH)
Batting: RHB Josh Lippens 0-0: Called Strike
0-1: Ball
1-1: Foul Ball, location: 2F
1-2: Foul Ball, location: 2F
1-2: SINGLE (Groundball, 6D, EV 96.9 MPH)
Batting: RHB Doug Kennie 0-0: Foul Ball, location: 2F
0-1: Foul Ball, location: 2F
0-2: Foul Ball, location: 2F
0-2: Foul Ball, location: 2F
0-2: Ball
1-2: SINGLE (Line Drive, 4MD, EV 99.4 MPH)
Josh Lippens to second
Runner from 2nd tries for 3rd, SAFE, throw by CF made to third
Batting: RHB Mike Jones 0-0: Grounds into double play, 6-4-3 (Groundball, 6, EV 102.5 MPH)
Top of the 4th over - 0 runs, 2 hits, 0 errors, 1 left on base; San Jose 1 - Springfield 5
BOTTOM OF THE 4TH
Springfield Cardinals batting - Pitching for San Jose Giants : RHP Tadesse Karume
Batting: RHB John Parra 0-0: Called Strike
0-1: Ball
1-1: Ball
2-1: Ball
3-1: Base on Balls
Batting: RHB Klaas Meij 0-0: Ball
1-0: Called Strike
1-1: Called Strike
1-2: Fly out, F8 (Flyball, 8RS, EV 79.4 MPH)
Batting: RHB Melvin Enriquez 0-0: Ball
1-0: Swinging Strike
1-1: Ball
2-1: Fly out, F4 (Popup, 3, EV 60.6 MPH)
Batting: LHB Shigeru Ono 0-0: DOUBLE (Line Drive, 9LS, EV 89.4 MPH)
John Parra to third
Batting: RHB David Fernandez 0-0: Called Strike
0-1: Swinging Strike
0-2: Ball
1-2: Strikes out swinging
Bottom of the 4th over - 0 runs, 1 hit, 0 errors, 2 left on base; San Jose 1 - Springfield 5
TOP OF THE 5TH
San Jose Giants batting - Pitching for Springfield Cardinals : RHP Danny Romero
Batting: RHB Tyler Mapes 0-0: Ball
1-0: Foul Ball, location: 2F
1-1: Swinging Strike
1-2: Foul Ball, location: 2F
1-2: Fly out, F8 (Line Drive, 8LD, EV 93.8 MPH)
Batting: RHB Yutaka Oki 0-0: SINGLE (Groundball, 23, EV 66.9 MPH) (infield hit)
Batting: LHB Carey Horncole 0-0: Ball
1-0: Ball
2-0: Ball
3-0: Called Strike
3-1: Base on Balls
Yutaka Oki to second
Batting: LHB Fred Arends 0-0: Ball
1-0: Foul Ball, location: 2F
1-1: Ball
2-1: Swinging Strike
2-2: Ball
3-2: Base on Balls
Yutaka Oki to third
Carey Horncole to second
Batting: RHB Tade Post 0-0: Ball
1-0: Foul Ball, location: 2F
1-1: Grounds into fielders choice 5-2 (Groundball, 5S, EV 83.1 MPH)
Carey Horncole to third
Fred Arends to second
Batting: LHB Tony Galvan 0-0: Called Strike
0-1: Ball
1-1: Ground out 2-3 (Groundball, 15S, EV 66.2 MPH)
Top of the 5th over - 0 runs, 1 hit, 0 errors, 3 left on base; San Jose 1 - Springfield 5
BOTTOM OF THE 5TH
Springfield Cardinals batting - Pitching for San Jose Giants : RHP Tadesse Karume
Batting: RHB Dave Cluster 0-0: Ball
1-0: Called Strike
1-1: Ball
2-1: SINGLE (Groundball, 25, EV 69.4 MPH) (infield hit)
Batting: LHB Yeong-hun Joe 0-0: Called Strike
0-1: Ball
1-1: Foul Ball, location: 2F
1-2: Reached on error, E8 (Flyball, 8LM, EV 81.2 MPH)
Dave Cluster to second
Batting: RHB Mark Marks 0-0: DOUBLE (Flyball, 8LXD, EV 96.2 MPH)
Dave Cluster scores
Yeong-hun Joe to third
Batting: RHB Danny Gallo 0-0: Fly out, F8 (Flyball, 78D, EV 91.2 MPH)
Runner from 3rd tags up, SCORES, no throw by CF
Batting: RHB John Parra 0-0: Ball
1-0: Foul Ball, location: 2F
1-1: Called Strike
1-2: Ground out 5-3 (Groundball, 56, EV 98.8 MPH)
Batting: RHB Klaas Meij 0-0: Fly out, F8 (Flyball, 78M, EV 77.5 MPH)
Bottom of the 5th over - 2 runs, 2 hits, 1 error, 1 left on base; San Jose 1 - Springfield 7
TOP OF THE 6TH
San Jose Giants batting - Pitching for Springfield Cardinals : RHP Danny Romero
Pitching: RHP Mike Foulger
Batting: RHB Josh Lippens 0-0: Called Strike
0-1: Ground out 4-3 (Groundball, 4S, EV 88.1 MPH)
Batting: RHB Doug Kennie 0-0: Fly out, F8 (Flyball, 89XD, EV 89.4 MPH)
Batting: RHB Mike Jones 0-0: Ball
1-0: Ball
2-0: Ground out 3-1 (Groundball, 34S, EV 91.9 MPH)
Top of the 6th over - 0 runs, 0 hits, 0 errors, 0 left on base; San Jose 1 - Springfield 7
BOTTOM OF THE 6TH
Springfield Cardinals batting - Pitching for San Jose Giants : RHP Tadesse Karume
Batting: RHB Melvin Enriquez 0-0: Ball
1-0: Called Strike
1-1: Ground out 5-3 (Groundball, 5, EV 92.5 MPH)
Batting: LHB Shigeru Ono 0-0: Ball
1-0: SINGLE (Groundball, 34, EV 95.0 MPH)
Pitching: RHP Carlos Heredia
Batting: RHB David Fernandez 0-0: Called Strike
0-1: Ball
1-1: Foul Ball, location: 2F
1-2: Ball
2-2: Foul Ball, location: 2F
2-2: Foul Ball, location: 2F
2-2: Foul Ball, location: 2F
2-2: Foul Ball, location: 2F
2-2: Foul Ball, location: 2F
2-2: Ball
3-2: Fly out, F8 (Line Drive, 89D, EV 103.8 MPH)
Batting: RHB Dave Cluster 0-0: Ball
1-0: Called Strike
1-1: 2-RUN HOME RUN (Flyball, 7LD, EV 95.6 MPH), Distance : 344 ft
Batting: LHB Yeong-hun Joe 0-0: Called Strike
0-1: Foul Ball, location: 2F
0-2: Foul Ball, location: 2F
0-2: Ball
1-2: Foul Ball, location: 2F
1-2: Foul Ball, location: 2F
1-2: Ground out 4-3 (Groundball, 4, EV 85.6 MPH)
Bottom of the 6th over - 2 runs, 2 hits, 0 errors, 0 left on base; San Jose 1 - Springfield 9
TOP OF THE 7TH
San Jose Giants batting - Pitching for Springfield Cardinals : RHP Mike Foulger
Batting: RHB Tyler Mapes 0-0: Ball
1-0: Ball
2-0: Ball
3-0: Fly out, F8 (Flyball, 8RM, EV 80.0 MPH)
Batting: RHB Yutaka Oki 0-0: Ground out 6-3 (Groundball, 6, EV 80.0 MPH)
Batting: LHB Carey Horncole 0-0: Called Strike
0-1: Called Strike
0-2: Ball
1-2: Strikes out looking
Top of the 7th over - 0 runs, 0 hits, 0 errors, 0 left on base; San Jose 1 - Springfield 9
BOTTOM OF THE 7TH
Springfield Cardinals batting - Pitching for San Jose Giants : RHP Carlos Heredia
Pitching: RHP Rich Benoit
Batting: RHB Mark Marks 0-0: Ball
1-0: Ball
2-0: Called Strike
2-1: Ball
3-1: Called Strike
3-2: Foul Ball, location: 2F
3-2: Foul Ball, location: 2F
3-2: Base on Balls
Batting: RHB Danny Gallo 0-0: Ball
1-0: Ball
2-0: Ball
3-0: Called Strike
3-1: Swinging Strike
3-2: Base on Balls
Mark Marks to second
Batting: RHB John Parra 0-0: Called Strike
0-1: Grounds into double play, 6-4-3 (Groundball, 6, EV 96.2 MPH)
Mark Marks to third
Batting: RHB Klaas Meij 0-0: Ground out U3 (Groundball, 34, EV 92.5 MPH)
Bottom of the 7th over - 0 runs, 0 hits, 0 errors, 1 left on base; San Jose 1 - Springfield 9
TOP OF THE 8TH
San Jose Giants batting - Pitching for Springfield Cardinals : RHP Mike Foulger
Batting: LHB Fred Arends 0-0: Fly out, F6 (Popup, 6M, EV 75.0 MPH)
Batting: RHB Tade Post 0-0: Called Strike
0-1: Ball
1-1: Foul Ball, location: 2F
1-2: Fly out, F6 (Flyball, 6D, EV 88.8 MPH)
Batting: LHB Tony Galvan 0-0: Ball
1-0: Ball
2-0: Ground out 1-3 (Groundball, 15S, EV 65.0 MPH)
Top of the 8th over - 0 runs, 0 hits, 0 errors, 0 left on base; San Jose 1 - Springfield 9
BOTTOM OF THE 8TH
Springfield Cardinals batting - Pitching for San Jose Giants : RHP Rich Benoit
Batting: RHB Melvin Enriquez 0-0: Ball
1-0: Ball
2-0: Ball
3-0: Called Strike
3-1: Fly out, F9 (Line Drive, 9LM, EV 105.0 MPH)
Batting: LHB Shigeru Ono 0-0: Ground out 5-3 (Groundball, 56S, EV 68.1 MPH)
Batting: RHB David Fernandez 0-0: Foul Ball, location: 2F
0-1: Ball
1-1: Fly out, F7 (Line Drive, 7, EV 91.2 MPH)
Bottom of the 8th over - 0 runs, 0 hits, 0 errors, 0 left on base; San Jose 1 - Springfield 9
TOP OF THE 9TH
San Jose Giants batting - Pitching for Springfield Cardinals : RHP Mike Foulger
Batting: RHB Josh Lippens 0-0: Ball
1-0: Ball
2-0: Swinging Strike
2-1: Swinging Strike
2-2: Foul Ball, location: 2F
2-2: Fly out, F8 (Flyball, 89S, EV 89.4 MPH)
Batting: RHB Doug Kennie 0-0: Ball
1-0: Ball
2-0: Ball
3-0: Called Strike
3-1: Called Strike
3-2: Fly out, F7 (Flyball, 78M, EV 93.8 MPH)
Pitching: RHP Chad Norris
Batting: RHB Mike Jones 0-0: Called Strike
0-1: Ground out 3-1 (Groundball, 34D, EV 77.5 MPH)
Top of the 9th over - 0 runs, 0 hits, 0 errors, 0 left on base; San Jose 1 - Springfield 9
Thursday, March 31st , 2022 - OOTP Baseball 22.12 Build 89